 Dungeon Crawl Stone Soup version 0.17-a0-1202-g2dd280d (webtiles) character file.

6903 Geomchi the Transmogrifier (level 11, -2/86 HPs)
             Began as a Merfolk Transmuter on June 3, 2015.
             Was a Follower of Cheibriados.
             Slain by a yak (14 damage)
             ... on level 1 of the Lair of Beasts.
             The game lasted 00:21:27 (13983 turns).

Geomchi the Transmogrifier (Merfolk Transmuter)    Turns: 13983, Time: 00:21:27

Health: -2/86      AC:  4    Str: 13    XL:     11   Next: 6%
Magic:  16/21      EV: 18    Int: 18    God:    Cheibriados [*.....]
Gold:   393        SH:  0    Dex: 16    Spells: 4 memorised, 11 levels left

rFire  . . .     SeeInvis .       - Unarmed
rCold  . . .     Clarity  .     b - +0 robe
rNeg   . . .     SustAt   .     (shield currently unavailable)
rPois  .         Gourm    .     (no helmet)
rElec  .         Spirit   .     p - +1 cloak
rCorr  .         Warding  .     (gloves currently unavailable)
rMut   .         Stasis   .     (no boots)
MR     .....                    (no amulet)
Stlth  ++........               (no ring)
                                (no ring)

@: blade hands, very slow, not resistant to hostile enchantments, unstealthy
A: change form in water, swift swim, claws 1, robust 1, wild magic 1
a: End Transformation, Bend Time, Renounce Religion


You were on level 1 of the Lair of Beasts.
You worshipped Cheibriados.
Cheibriados was aware of your devotion.
You were not hungry.
You had blades for hands.
You visited 3 branches of the dungeon, and saw 10 of its levels.

You collected 393 gold pieces.

Inventory:

Armour
 b - a +0 robe (worn)
 j - a troll hide
 p - a +1 cloak (worn)
 v - a +0 pair of gloves (melded)
Magical devices
 a - a wand of polymorph (18)
Scrolls
 f - 4 scrolls of teleportation
 g - a scroll of recharging
 i - 2 scrolls of random uselessness {unknown}
 k - a scroll of remove curse
 l - 2 scrolls of enchant armour {unknown}
 m - 5 scrolls of immolation
 q - 2 scrolls of identify
 t - a scroll of fog {unknown}
Potions
 h - 2 potions of invisibility {unknown}
 n - a potion of degeneration
 o - a potion of heal wounds
 r - a potion of flight
 s - a potion of beneficial mutation {unknown}
Books
 c - a book of Changes

   Spells                             Type                      Level
   a - Beastly Appendage              Transmutation                1
   b - Sticks to Snakes               Transmutation                2
   c - Spider Form                    Transmutation/Poison         3
   d - Ice Form                       Ice/Transmutation            4
   e - Blade Hands                    Transmutation                5
 e - Sif Muna's Reference Book on the Oath
   (You found it on level 7 of the Dungeon)

   Spells                             Type                      Level
   a - Corona                         Hexes                        1
Comestibles
 d - 5 bread rations {@e1}


   Skills:
 - Level 5.1 Fighting
 + Level 9.5 Dodging
 - Level 9.0 Unarmed Combat
 - Level 7.0 Spellcasting
 + Level 12.6 Transmutations


You had 11 spell levels left.
You knew the following spells:

 Your Spells              Type           Power        Failure   Level  Hunger
a - Beastly Appendage     Trmt           ######       13%         1    None
b - Spider Form           Trmt/Pois      #####.....   38%         3    ##.....
c - Ice Form              Ice/Trmt       #####...     61%         4    ####...
m - Blade Hands           Trmt           ######....   34%         5    #####..


Dungeon Overview and Level Annotations

Branches:
Dungeon (8/15)             Temple (1/1) D:6            Lair (1/8) D:8

Altars:
Ashenzari
Cheibriados
Dithmenos
Elyvilon
Fedhas
Gozag
Kikubaaqudgha
Makhleb
Nemelex Xobeh
Okawaru
Ru
Sif Muna
Trog
Vehumet
Xom
Yredelemnul
Zin
The Shining One

Annotations:
D:8 MonkeyBuisness's ghost, experienced GrFi


Innate Abilities, Weirdness & Mutations

You revert to your normal form in water.
You are very nimble and swift while swimming.
You have sharp fingernails.
You are robust (+10% HP).
Your spells are a little harder to cast, but a little more powerful.


Message History

You take 2 damage, and have 35/86 hp.
You hit the yak. The yak closely misses you.
You hit the yak but do no damage. You hit the yak. The yak gores you!
* * * LOW HITPOINT WARNING * * *
You take 13 damage, and have 23/86 hp.
You are too injured to fight recklessly!
You are too injured to fight recklessly!
You slash the yak! You slash the yak.
Your hands revert to their normal proportions.
Your +0 pair of gloves unmelds from your body.
The yak gores you!
* * * LOW HITPOINT WARNING * * *
You take 11 damage, and have 12/86 hp.
Drink which item? (? for menu, Esc to quit)
Okay, then.
Your hands turn into razor-sharp scythe blades.
Your +0 pair of gloves melds into your body.
The yak gores you!
You die...

...##.##.....#####...<......#
..####......## ##P......###
#.# #.....## ##.....## ###
#...#.# ##>...# ##.####
###.....# ### #.#.....##
#......Y.##
####YY###...#####. ## #@#..##
##†...P... .# ####Y.##
##......# ## ##P#..##
#.Y...P# .### ##P...##
##..Y.## ...## ##....#.#
....# ....### #.....###
.....# #....P## ##....##
...... ##.....###.....###
...... ##.....#####....##
YY..##


You could see a yak.

Vanquished Creatures
  The ghost of Goodini51 the Grappler, an experienced VSMo of Qazlal (D:6)
  A manticore (D:6)
  A black mamba (Lair:1)
  The ghost of Kisielow the Infuser, an experienced DECj (D:5)
  A komodo dragon (D:8)
  A spiny frog (Lair:1)
  Grinder (D:5)
  A troll (D:8)
  Sigmund (D:2)
  A deep elf mage (D:6)
  A hippogriff (D:8)
  4 yaks (Lair:1)
  A steam dragon (D:7)
  2 insubstantial wisps (D:7)
  2 water moccasins
  An ice beast (D:8)
  6 sky beasts
  3 centaurs
  A black bear (D:6)
  4 ogres
  A necrophage (D:6)
  5 giant frogs
  A gnoll sergeant (D:8)
  A scorpion (D:5)
  3 jellies
  7 hounds
  2 crimson imps
  A quasit (D:8)
  A giant frog zombie (D:7)
  2 orc priests
  Ijyb (D:2)
  A giant frog skeleton (D:7)
  Jessica (D:2)
  Terence (D:2)
  3 orc wizards
  6 iguanas
  A killer bee zombie (D:7)
  A worker ant (D:4)
  A hound zombie (D:5)
  2 hound skeletons (D:6)
  5 gnolls (D:8)
  16 adders
  An ooze (D:5)
  An adder skeleton (D:7)
  A worm (D:2)
  2 giant geckos
  13 orcs
  A bat skeleton (D:8)
  6 giant cockroaches
  10 goblins
  17 hobgoblins
  11 jackals
  16 kobolds
  13 bats
  A giant gecko zombie (D:6)
  9 giant newts
  A jackal skeleton (D:6)
  4 quokkas
  8 rats
  A plant (D:8)
214 creatures vanquished.

Vanquished Creatures (others)
  2 plants
2 creatures vanquished.

Grand Total: 216 creatures vanquished

Notes
Turn   | Place    | Note
--------------------------------------------------------------
     0 | D:1      | Geomchi the Merfolk Transmuter began the quest for the Orb.
     0 | D:1      | Reached XP level 1. HP: 15/15 MP: 3/3
   179 | D:1      | Reached XP level 2. HP: 11/21 MP: 5/5
   531 | D:1      | Reached skill level 4 in Transmutations
  1044 | D:1      | Reached XP level 3. HP: 22/26 MP: 4/6
  1225 | D:1      | Learned a level 3 spell: Spider Form
  1877 | D:2      | Noticed Ijyb
  1911 | D:2      | Killed Ijyb
  1911 | D:2      | Reached skill level 5 in Transmutations
  1911 | D:2      | Reached XP level 4. HP: 8/32 MP: 2/7
  2288 | D:2      | Noticed Sigmund
  2303 | D:2      | Killed Sigmund
  2303 | D:2      | Reached skill level 8 in Transmutations
  2303 | D:2      | Reached XP level 5. HP: 37/37 MP: 2/8
  2303 | D:2      | Reached XP level 6. HP: 43/43 MP: 2/9
  2517 | D:2      | Noticed Jessica
  2523 | D:2      | Killed Jessica
  2581 | D:2      | Found a white marble altar of Elyvilon.
  2606 | D:2      | Noticed Terence
  2620 | D:2      | Killed Terence
  3503 | D:3      | Found a sacrificial altar of Ru.
  4158 | D:4      | Reached XP level 7. HP: 37/48 MP: 9/12
  4379 | D:4      | HP: 1/48 [iguana (5)]
  5012 | D:4      | Found a glowing golden altar of the Shining One.
  5090 | D:4      | Reached skill level 9 in Transmutations
  5314 | D:5      | Entered Level 5 of the Dungeon
  5586 | D:5      | Noticed Kisielow's ghost (experienced DECj)
  5609 | D:5      | HP: 2/48 [quokka (3)]
  6184 | D:5      | Found a sparkling altar of Nemelex Xobeh.
  6480 | D:6      | HP: 2/48 [water moccasin (5)]
  6481 | D:6      | Reached XP level 8. HP: 2/54 MP: 14/14
  6947 | D:6      | Reached skill level 5 in Dodging
  7114 | D:6      | Noticed Goodini51's ghost (experienced VSMo)
  7285 | D:5      | Killed Kisielow's ghost
  7285 | D:5      | Reached skill level 5 in Unarmed Combat
  7979 | D:5      | Noticed Grinder
  7994 | D:5      | Killed Grinder
  7994 | D:5      | Reached skill level 5 in Fighting
  7994 | D:5      | Reached XP level 9. HP: 47/68 MP: 12/15
  8683 | D:7      | Found a deep blue altar of Sif Muna.
  8720 | D:7      | Identified Sif Muna's Reference Book on the Oath
  8809 | D:7      | HP: 3/68 [sky beast (5)]
  8813 | D:7      | Gained mutation: You have sharp fingernails. [potion of mutation]
  8813 | D:7      | Gained mutation: You are robust (+10% HP). [potion of mutation]
  8813 | D:7      | Gained mutation: Your spells are a little harder to cast, but a little more powerful. [potion of mutation]
 10082 | D:8      | Noticed MonkeyBuisness's ghost (experienced GrFi)
 10325 | D:8      | Found a basalt altar of Yredelemnul.
 10630 | D:8      | Reached skill level 5 in Spellcasting
 10630 | D:8      | Reached XP level 10. HP: 81/81 MP: 17/17
 10746 | D:8      | Reached skill level 10 in Transmutations
 11077 | D:7      | Learned a level 5 spell: Blade Hands
 11146 | D:6      | Killed Goodini51's ghost
 11561 | D:6      | Noticed a deep elf mage
 11576 | D:6      | Killed a deep elf mage
 11975 | D:6      | Noticed a manticore
 11983 | D:6      | Killed a manticore
 11983 | D:6      | Reached skill level 11 in Transmutations
 12376 | D:6      | Found a staircase to the Ecumenical Temple.
 12389 | Temple   | Entered the Ecumenical Temple
 12611 | Temple   | Became a worshipper of Cheibriados the Contemplative
 12806 | D:8      | Found a radiant altar of Vehumet.
 12931 | D:8      | Found a staircase to the Lair.
 12931 | D:8      | Noticed a komodo dragon
 12953 | D:8      | Killed a komodo dragon
 13454 | D:8      | Learned a level 4 spell: Ice Form
 13526 | Lair:1   | Entered Level 1 of the Lair of Beasts
 13578 | Lair:1   | Noticed a black mamba
 13585 | Lair:1   | Killed a black mamba
 13585 | Lair:1   | Reached skill level 12 in Transmutations
 13946 | Lair:1   | Acquired Cheibriados's first power
 13946 | Lair:1   | Reached XP level 11. HP: 86/86 MP: 18/21
 13983 | Lair:1   | Slain by a yak

Vault maps used:
D:1:      minmay_arrival_arboretum_small
D:2:      lemuel_doored_altar, minmay_newt_pond, uniq_terence, uniq_sigmund,
          uniq_iyjb, uniq_jessica
D:3:      nicolae_ru_path_of_blood
D:4:      lemuel_crystal_altar
D:5:      nemelex_xobeh_ov_fountains_minmay, first_bread, serial_park_tiny_1,
          grunt_decor_one_mirror, serial_bayou_pond_b, uniq_grinder
D:6:      minmay_temple_entry_trees
D:7:      led_sif_book, hangedman_misty_isle
D:8:      old_standard_altar, david_lair_shrubbed, basic_altar
Temple:   oiseaux_autumnal_temple_12

Action                   |  1- 3 |  4- 6 |  7- 9 | 10-12 || total
-------------------------+-------+-------+-------+-------++-------
Melee: Unarmed           |   136 |   183 |   386 |   220 ||   925
 Cast: Beastly Appendage |    22 |    24 |    39 |    17 ||   102
       Spider Form       |     1 |     4 |    18 |    11 ||    34
       Blade Hands       |       |       |       |     6 ||     6
  Use: Scroll            |       |       |     8 |       ||     8
       Potion            |       |       |    11 |       ||    11
 Stab: Sleeping          |     2 |     1 |       |       ||     3
       Distracted        |       |       |       |     1 ||     1
  Eat: Chunk             |     3 |     9 |    16 |     9 ||    37
       Meat ration       |       |       |     1 |       ||     1
       Beef jerky        |       |       |     1 |       ||     1
       Bread ration      |       |       |       |     1 ||     1
